 Dungeon Crawl Stone Soup version 0.17-a0-2093-gc772f4b (webtiles) character file.

4615 Ohli the Fighter (level 10, 0/80 HPs)
             Began as a Demonspawn Fighter on Oct 16, 2015.
             Was a Follower of Nemelex Xobeh.
             Slain by an orc warrior
             ... wielding a +0 trident
              (10 damage)
             ... on level 9 of the Dungeon on Oct 17, 2015.
             The game lasted 00:59:40 (13054 turns).

Ohli the Fighter (Demonspawn Fighter)              Turns: 13054, Time: 00:59:40

Health: 0/80       AC: 12    Str: 19    XL:     10   Next: 19%
Magic:  0/19       EV:  6    Int: 21    God:    Nemelex Xobeh [*.....]
Gold:   173        SH: 10    Dex: 16    Spells: 0 memorised, 9 levels left

rFire  . . .     SeeInvis .     w - +0 war axe (drain)
rCold  . . .     Clarity  .     I - +0 plate armour
rNeg   . . .     SustAt   .     c - +0 shield
rPois  .         Gourm    .     A - +0 hat
rElec  .         Spirit   +     (no cloak)
rCorr  .         Warding  .     (no gloves)
rMut   .         Stasis   .     (no boots)
MR     .....                    (no amulet)
Stlth  ..........               N - ring of magical power
                                H - ring of Beogh's Whim {Wiz *Contam Int+10}

@: drained, not resistant to hostile enchantments, extremely unstealthy
A: antennae 2, thin skeletal structure 2, magic shield, magic regeneration
a: Renounce Religion


You were on level 9 of the Dungeon.
You worshipped Nemelex Xobeh.
Nemelex Xobeh was aware of your devotion.
You were not hungry.

You visited 1 branch of the dungeon, and saw 9 of its levels.
You also visited: Ossuary.

You collected 448 gold pieces.
You spent 275 gold pieces at shops.

Inventory:

Hand Weapons
 a - a +1 trident
 w - a +0 war axe of draining (weapon)
 E - a +0 hand axe of venom
 T - a +2 great sword of freezing
Missiles
 i - 6 curare-tipped needles
 U - 5 tomahawks (quivered)
Armour
 c - a +0 shield (worn)
 A - a +0 hat (worn)
 I - a +0 plate armour (worn)
Jewellery
 g - an uncursed ring of fire
 r - a cursed ring of see invisible
 v - an uncursed ring of sustain attributes
 D - a +4 ring of protection
 G - a +5 ring of intelligence
 H - the ring of Beogh's Whim (left hand) {Wiz *Contam Int+10}
   (You found it on level 6 of the Dungeon)

   [ring of wizardry]

   It improves your spell success rate.
   It affects your intelligence (+10).
   It causes magical contamination when unequipped.
 K - a cursed ring of magical power
 N - a ring of magical power (right hand)
 Q - an uncursed ring of teleportation
Wands
 n - a wand of disintegration (0)
 O - a wand of confusion (11)
Scrolls
 b - a scroll of silence {unknown}
 f - 2 scrolls of teleportation
 j - 2 scrolls of amnesia
 m - 5 scrolls of identify
 p - 2 scrolls of remove curse
 t - a scroll of enchant armour {unknown}
 u - a scroll of brand weapon {unknown}
 x - 3 scrolls of random uselessness {unknown}
 y - 2 scrolls of immolation {unknown}
 J - a scroll of fear
 M - a scroll of torment {unknown}
 P - a scroll of blinking {unknown}
 R - a scroll of magic mapping
Potions
 d - a potion of might
 h - 2 potions of cancellation
 k - 5 potions of degeneration
 l - a potion of lignification
 q - a potion of brilliance
 z - 4 potions of agility
 B - a potion of flight {unknown}
 C - a potion of haste
 F - 2 potions of curing
 L - a potion of mutation {unknown}
 W - a potion of berserk rage
Miscellaneous
 s - a plain deck of war {drawn: 2}
Comestibles
 e - 3 bread rations
 o - 6 meat rations


   Skills:
 * Level 8.3(7.0) Fighting
 + Level 4.3(3.8) Axes
 + Level 3.6(3.4) Polearms
 - Level 0.3(0.0) Throwing
 + Level 6.9(5.7) Armour
 + Level 5.8(4.6) Dodging
 + Level 6.1(4.9) Shields
 + Level 0.2(0.0) Evocations


You had 9 spell levels left.
You didn't know any spells.

Dungeon Overview and Level Annotations

Branches:
Dungeon (9/15)             Temple (0/1) D:6            Lair (0/8) D:8
    Orc: D:9-12

Altars:
Ashenzari
Cheibriados
Elyvilon
Gozag
Makhleb
Nemelex Xobeh
Ru
Sif Muna
Trog
Yredelemnul
The Shining One

Shops:
D:6 !   D:7 *


Innate Abilities, Weirdness & Mutations

You have a pair of antennae on your head.
You have a moderately thin skeletal structure (Dex +4, Stealth+).
When hurt, damage is shared between your health and your magic reserves.
You regenerate magic rapidly.


Message History

The orc warrior barely misses you.
The orc warrior hits you with a long sword.
* * * LOW HITPOINT WARNING * * *
You block the orc warrior's attack.
You closely miss the orc warrior.
The orc warrior is almost dead.
You block the orc warrior's attack.
The orc warrior hits you from afar with a trident!
* * * LOW HITPOINT WARNING * * *
Drink which item? (? for menu, Esc to quit)
You feel better.
The orc warrior hits you with a long sword.
* * * LOW HITPOINT WARNING * * *
You block the orc warrior's attack.
Your plate armour prevents you from hitting the orc warrior.
The orc warrior is almost dead.
You block the orc warrior's attack.
The orc warrior hits you from afar with a trident!
You die...
Your body disappear% without a glow.

#.##.#..#..........
#...........<#..###
#.
#....##.#.......#
#. #..##
#.#.......# ##..
#... ..#########
..... ##.# ####
.....########.#
..$...<....##.# ###
..$....)...##@#...
# .......†..{##o#.#
# ...[..##..o{o†..#
# ..... #...##.###
# #... ######...#
### # #..
###.########.## #
.. #.#.......#.. #
# #.#.###..###.###
#.#.###.## ##...


You could see 2 orc warriors.

Vanquished Creatures
  A two-headed ogre (D:8)
  2 wargs
  Menkaure (D:5)
  A water moccasin (D:8)
  A black bear (D:7)
  A phantom (D:7)
  2 ice beasts (D:8)
  4 ogres
  2 sky beasts
  3 centaurs
  A big kobold (D:6)
  Blork the orc (D:4)
  6 giant frogs
  2 water moccasin zombies (Ossuary)
  3 scorpions
  7 wights
  2 electric eels (D:6)
  4 hounds
  A crimson imp (D:7)
  4 jellies
  2 centaur skeletons (D:7)
  2 giant frog skeletons
  7 orc priests
  8 orc wizards
  A gnoll shaman (D:5)
  A killer bee zombie (D:5)
  6 worker ants
  A big kobold zombie (Ossuary)
  2 hound skeletons
  2 mummies (Ossuary)
  4 gnolls (D:5)
  13 adders
  2 shadow imps (D:8)
  3 oozes
  8 adder zombies
  An adder skeleton (D:5)
  4 worms
  6 giant geckos
  39 orcs
  5 giant cockroaches
  3 gnoll zombies (Ossuary)
  12 goblins
  13 hobgoblins
  4 quokkas
  2 ball pythons
  5 bats
  5 giant newts
  6 hobgoblin zombies (Ossuary)
  5 jackals
  10 kobolds
  3 kobold zombies (Ossuary)
  3 orc zombies (Ossuary)
  13 rats
250 creatures vanquished.

Vanquished Creatures (collateral kills)
  An orc warrior (D:9)
  2 orc priests (D:9)
  An orc wizard (D:9)
4 creatures vanquished.

Vanquished Creatures (others)
  An orc warrior (D:8)
1 creature vanquished.

Grand Total: 255 creatures vanquished

Notes
Turn   | Place    | Note
--------------------------------------------------------------
     0 | D:1      | Ohli the Demonspawn Fighter began the quest for the Orb.
     0 | D:1      | Reached XP level 1. HP: 18/18 MP: 1/1
   128 | D:1      | Gained mutation: You have a somewhat thin skeletal structure (Dex +2, Stealth). [demonic ancestry]
   128 | D:1      | Reached XP level 2. HP: 22/24 MP: 2/2
   359 | D:1      | Reached XP level 3. HP: 21/29 MP: 3/3
   842 | D:1      | Found a shattered altar of Ashenzari.
  1177 | D:2      | Found a basalt altar of Yredelemnul.
  1490 | D:2      | Gained mutation: You have a pair of small antennae on your head. [demonic ancestry]
  1490 | D:2      | Reached XP level 4. HP: 28/36 MP: 4/4
  1964 | D:3      | Reached skill level 1 in Dodging
  2562 | D:3      | Reached XP level 5. HP: 42/42 MP: 5/5
  3008 | D:4      | Reached skill level 4 in Fighting
  3460 | D:4      | Reached XP level 6. HP: 43/49 MP: 6/6
  3499 | D:4      | Found an opulent altar of Gozag.
  3711 | D:4      | Noticed Blork the orc
  3726 | D:4      | Killed Blork the orc
  3877 | D:5      | Entered Level 5 of the Dungeon
  3879 | D:5      | Found a white marble altar of Elyvilon.
  3913 | D:5      | Noticed Menkaure
  4303 | D:5      | Gained mutation: You have a pair of antennae on your head. [demonic ancestry]
  4303 | D:5      | Reached XP level 7. HP: 24/55 MP: 7/7
  4321 | D:5      | Found a sand-covered staircase.
  4341 | Ossuary  | Entered an ossuary
  4661 | Ossuary  | Reached skill level 5 in Fighting
  6048 | D:6      | Found a staircase to the Ecumenical Temple.
  6117 | D:6      | Gained mutation: When hurt, damage is shared between your health and your magic reserves. [demonic ancestry]
  6117 | D:6      | Reached XP level 8. HP: 46/63 MP: 8/8
  6158 | D:6      | Got a sparkling golden ring
  6160 | D:6      | Identified the ring of Beogh's Whim {Wiz *Contam Int+10} (You found it on level 6 of the Dungeon)
  6517 | D:6      | Found a sacrificial altar of Ru.
  6517 | D:6      | Found a snail-covered altar of Cheibriados.
  6538 | D:6      | Reached skill level 5 in Armour
  6547 | D:6      | Found Aleisit's Distillery.
  6555 | D:6      | Bought a potion of heal wounds for 55 gold pieces
  6555 | D:6      | Bought a potion of heal wounds for 55 gold pieces
  6555 | D:6      | Bought a potion of curing for 33 gold pieces
  6555 | D:6      | Bought a potion of curing for 33 gold pieces
  6880 | D:6      | Reached skill level 1 in Axes
  7590 | D:7      | Found Jir Dyff's General Store.
  7714 | D:7      | Reached skill level 6 in Fighting
  8327 | D:7      | Found a bloodstained altar of Trog.
  8454 | D:8      | Reached skill level 5 in Shields
  8524 | D:8      | Found a staircase to the Lair.
  8552 | D:7      | Gained mutation: You regenerate magic rapidly. [demonic ancestry]
  8552 | D:7      | Reached XP level 9. HP: 30/71 MP: 3/9
  8945 | D:5      | Killed Menkaure
  8945 | D:5      | Reached skill level 7 in Fighting
  9282 | D:5      | Found a sparkling altar of Nemelex Xobeh.
  9291 | D:5      | Became a worshipper of Nemelex Xobeh the Trickster
  9294 | D:5      | Found a deep blue altar of Sif Muna.
  9387 | D:5      | Received a gift from Nemelex Xobeh
 10288 | D:6      | Bought a potion of agility for 44 gold pieces
 10288 | D:6      | Bought a potion of berserk rage for 55 gold pieces
 10385 | D:8      | Found a glowing golden altar of the Shining One.
 11115 | D:8      | Found a burning altar of Makhleb.
 11115 | D:8      | Noticed a green death
 11118 | D:8      | Noticed a smoke demon
 11134 | D:8      | Noticed a two-headed ogre
 11211 | D:8      | Reached skill level 5 in Dodging
 11230 | D:8      | Killed a two-headed ogre
 11679 | D:8      | Reached skill level 8 in Fighting
 11866 | D:8      | Received a gift from Nemelex Xobeh
 11883 | D:8      | Gained mutation: You have a moderately thin skeletal structure (Dex +4, Stealth+). [demonic ancestry]
 11883 | D:8      | Reached XP level 10. HP: 68/80 MP: 10/10
 12912 | D:9      | Reached * piety under Nemelex Xobeh
 13052 | D:9      | HP: 4/80 [orc warrior/trident (5)]
 13054 | D:9      | Slain by an orc warrior

Vault maps used:
D:1:      dpeg_arrival_boxes_within_box, ashenzari_altar_1
D:2:      nicolae_overflow_crystal_walls
D:4:      grunt_gozag_statues, first_bread, kennysheep_doodads,
          kennysheep_pointless_box, uniq_blork_the_orc
D:5:      overflow_temple_1_default, minitemple,
          nicolae_ossuary_entry_false_entrances, uniq_menkaure
D:6:      gammafunk_temple_overflow_elements, temple_pool_b, serial_shops, shop,
          hangedman_abyss_or_decor_lesser_grid, water_maze_lemuel
D:7:      kennysheep_mini_moat, serial_shops, shop
D:8:      makhleb_altar_promises_db, erik_lair_orcish_takeover, basic_altar
D:9:      orc_david_3, uniq_erolcha
Ossuary:  ossuary_tomb_2

Action                   |  1- 3 |  4- 6 |  7- 9 | 10-12 || total
-------------------------+-------+-------+-------+-------++-------
Melee: Trident           |   168 |   243 |   125 |       ||   536
       Hand axe          |       |       |   609 |    64 ||   673
       War axe           |       |       |       |    40 ||    40
Throw: Tomahawk          |       |    12 |     8 |       ||    20
Evoke: Wand              |       |     3 |       |       ||     3
       Deck              |       |       |     5 |     2 ||     7
  Use: Scroll            |       |     7 |     2 |       ||     9
       Potion            |       |     1 |     9 |     2 ||    12
  Eat: Chunk             |     1 |     9 |    10 |     2 ||    22
       Beef jerky        |       |     1 |     1 |       ||     2
       Bread ration      |       |       |     2 |       ||     2
       Fruit             |       |       |     4 |     1 ||     5
       Pizza             |       |       |     1 |     1 ||     2
